 Dungeon Crawl Stone Soup version 0.31-a0-1074-g0b22e4e0f1 (webtiles) character file.

Game seed: 15889002590072400394

4542 Dittersdorf the Fighter (level 10, -4/76 HPs)
             Began as a Gargoyle Fighter on Dec 1, 2023.
             Slain by an orc warrior
             ... wielding a +0 glaive
              (18 damage)
             ... in a bailey on Dec 5, 2023.
             The game lasted 00:10:03 (6256 turns).

Dittersdorf the Fighter (Gargoyle Fighter)          Turns: 6256, Time: 00:10:03

Health: -4/76      AC: 30    Str: 24    XL:     10   Next: 40%
Magic:  10/10      EV:  8    Int:  9    God:
Gold:   369        SH:  5    Dex:  9    Spells: 9/9 levels left

rFire   + . .        v - +2 flail (protect)
rCold   . . .        c - +0 buckler
rNeg    + . .        x - +0 chain mail
rPois   ∞            e - +2 helmet {SInv}
rElec   +            (no cloak)
rCorr   .            r - +1 pair of gloves
SInv    +            (no boots)
Will    +....        (no amulet) Stlth
                     k - ring of willpower
HPRegen 0.32/turn    b - ring of protection from fire
MPRegen 0.12/turn

%: no passive effects
@: mighty, under a protective aura, hasted, very quick
A: sickness immunity, AC +7, negative energy resistance 1, electricity
resistance, torment resistance 1, petrification resistance
a: no special abilities


You were in a bailey.
You visited 1 branch of the dungeon, and saw 7 of its levels.
You also visited: Ossuary and Bailey.

You collected 369 gold pieces.

Inventory:

Hand Weapons
 v - a +2 flail of protection (weapon)
Missiles
 n - 2 throwing nets
Armour
 c - a +0 buckler (worn)
 e - a +2 helmet of see invisible (worn)
 r - a +1 pair of gloves (worn)
 x - a +0 chain mail (worn)
Jewellery
 b - a ring of protection from fire (right hand)
 k - a ring of willpower (left hand)
Wands
 t - a wand of roots (4)
Scrolls
 i - a scroll of teleportation
 j - 3 scrolls of revelation
 o - 2 scrolls of blinking
Potions
 a - a potion of heal wounds
 g - 5 potions of magic {unknown}
 l - 2 potions of haste
 m - a potion of curing
 p - 2 potions of enlightenment
 q - 2 potions of cancellation {unknown}
 s - 4 potions of mutation
 u - a potion of resistance {unknown}
 w - 2 potions of ambrosia {unknown}
 z - a potion of invisibility {unknown}


   Skills:
 + Level 14.9 Fighting
 + Level 6.2 Maces & Flails
 + Level 7.2 Armour
 + Level 7.2 Shields


You had 9 spell levels left.
You didn't know any spells.
Your spell library contained the following spells:

 Spells                   Type           Power      Damage    Failure   Level
 Magic Dart               Conj           0%         1d3       92%         1
 Scorch                   Fire           0%         2d5       98%         2
 Searing Ray              Conj           0%         2d4       98%         2
 Flame Wave               Conj/Fire      0%         2d4       100%        4
 Fulminant Prism          Conj/Hex       0%         3d5       100%        4
 Summon Cactus Giant      Summ           0%         N/A       100%        6


Dungeon Overview and Level Annotations

Branches:
Dungeon (7/15)            Ossuary (visited)          Bailey (1/1)
 Temple: D:4-7

Altars:
Hepliaklqana
The Shining One

Shops:
D:5 !


Innate Abilities, Weirdness & Mutations

You are immune to sickness and miasma.
Your stone body is resilient. (AC +7)
You are immune to poison.
You resist negative energy. (rN+)
You are resistant to electric shocks. (rElec)
You are resistant to unholy torment.
You are immune to petrification.


Message History

You block the orc warrior's attack.
The orc warrior hits you from afar with a +0 halberd!
The orc knight roars a battlecry!
The orc warriors go into a battle-frenzy!
You feel yourself speed up. The orc warrior barely misses you.
You thump the orc warrior!
Your weapon exudes an aura of protection.
The orc warrior is moderately wounded.
You barely miss the orc warrior.
The orc warrior is moderately wounded.
You block the orc warrior's attack. The orc warrior barely misses you.
You thump the orc warrior!
The orc warrior is almost dead.
The orc warrior barely misses you. The orc warrior closely misses you.
You sock the orc warrior!
You kill the orc warrior!
Found 3 scrolls of enchant armour.
The orc warrior hits you with a +0 glaive!
The orc warrior hits you but does no damage.
The orc knight hits you but does no damage.
You barely miss the orc warrior. You block the orc warrior's attack.
The orc warrior hits you with a +0 halberd!
The orc knight hits you from afar with a +0 glaive!
You sock the orc warrior!
The orc warrior is severely wounded.
The orc warrior hits you with a +0 glaive!
* * * LOW HITPOINT WARNING * * *
The orc warrior hits you but does no damage.
The orc knight closely misses you.
You barely miss the orc warrior.
The orc warrior is severely wounded.
You sock the orc warrior!
The orc warrior is almost dead.
You block the orc warrior's attack. The orc warrior barely misses you.
The orc knight hits you from afar with a +0 glaive!
* * * LOW HITPOINT WARNING * * *
You sock the orc warrior!
You kill the orc warrior!
The orc warrior hits you with a +0 glaive!!
You die...

####### ##########
#######.....###.........
.....#.).....'..........
.....)))#....'.).....???
.....'.))....'...oo..???
.....').#....'..@....???
.....#.......'..).......
#######.....###.........
####### ##########


You could see an orc knight and an orc warrior (strong).

Vanquished Creatures
  Grinder (D:4)
  A steam dragon (D:6)
  Edmund (D:6)
  A water moccasin (D:6)
  An ice beast (D:4)
  7 orc warriors (Bailey)
  3 centaurs
  3 ogres
  A phantom (D:4)
  2 bullfrogs (D:7)
  3 scorpions
  5 wights
  3 killer bees (D:6)
  2 howler monkeys (D:7)
  3 centaur zombies (Ossuary)
  4 hounds
  2 orc priests
  2 jellies (D:5)
  A sleepcap (D:6)
  A gnoll bouda (D:5)
  Jessica (D:3)
  An iguana (D:5)
  6 orc wizards
  3 hound skeletons (D:4)
  6 mummies (Ossuary)
  Robin (D:2)
  7 gnolls
  2 adders
  2 white imps
  2 adder skeletons (D:4)
  An adder zombie (D:4)
  31 orcs
  A bat (D:1)
  7 endoplasms
  3 giant cockroaches
  14 goblins
  10 hobgoblins
  5 quokkas
  4 ball pythons
  3 hobgoblin zombies (Ossuary)
  3 kobolds
  6 rats
166 creatures vanquished.

Notes
Turn   | Place    | Note
-------+----------+-------------------------------------------
     0 | D:1      | Dittersdorf the Gargoyle Fighter began the quest for the
                  | Orb.
     0 | D:1      | Reached XP level 1. HP: 14/14 MP: 1/1
   145 | D:1      | Reached XP level 2. HP: 14/19 MP: 2/2
   480 | D:2      | Found a faded altar of an unknown god.
   663 | D:1      | Reached XP level 3. HP: 20/24 MP: 3/3
   716 | D:2      | Noticed Robin
   743 | D:2      | Killed Robin
   750 | D:2      | Reached XP level 4. HP: 18/29 MP: 4/4
   770 | D:2      | Reached skill level 4 in Fighting
  1385 | D:3      | You fall into a shaft and drop 2 floors!
  1385 | D:5      | Entered Level 5 of the Dungeon
  1424 | D:5      | Noticed an ogre
  1432 | D:5      | Killed an ogre
  1433 | D:5      | Reached XP level 5. HP: 18/34 MP: 5/5
  1537 | D:4      | Identified the +6 long sword of Ecicw {venom, rPois}
  1550 | D:4      | Found a sand-covered staircase.
  1558 | D:4      | Reached XP level 6. HP: 39/39 MP: 6/6
  1561 | Ossuary  | Entered an ossuary
  1735 | Ossuary  | Reached skill level 5 in Fighting
  2071 | D:3      | Identified the +1 leather armour "Afist" {Harm rC+}
  2089 | D:3      | Noticed Jessica
  2099 | D:3      | Killed Jessica
  2100 | D:3      | Reached skill level 5 in Armour
  2100 | D:3      | Reached skill level 5 in Shields
  2277 | D:3      | Reached XP level 7. HP: 44/44 MP: 7/7
  2888 | D:4      | Noticed Grinder
  2903 | D:4      | Killed Grinder
  2904 | D:4      | Reached skill level 6 in Fighting
  2904 | D:4      | Reached skill level 5 in Maces & Flails
  2904 | D:4      | Reached XP level 8. HP: 39/51 MP: 8/8
  3420 | D:5      | Reached skill level 14 in Fighting
  3420 | D:5      | Reached XP level 9. HP: 70/70 MP: 9/9
  3696 | D:5      | Found a glowing golden altar of the Shining One.
  3809 | D:5      | Found Unenar's Distillery.
  4047 | D:5      | Found a hazy altar of Hepliaklqana.
  4711 | D:6      | Noticed Edmund
  4726 | D:6      | Killed Edmund
  4927 | D:6      | Reached XP level 10. HP: 36/76 MP: 10/10
  5801 | D:7      | Found a flagged portal.
  5808 | Bailey   | Entered a bailey
  6244 | Bailey   | Noticed an orc knight
  6256 | Bailey   | Slain by an orc warrior

Illustrated notes

Levels and vault maps discovered:
D:1:      dpeg_arrival_rooms_a, layout_rooms
D:2:      layout_basic, nicolae_ecumenical_oubliette, uniq_robin
D:3:      layout_loops_ring, kennysheep_nondescript, uniq_jessica
D:4:      layout_basic, mainiacjoe_ossuary_entry_find_the_door, uniq_grinder
D:5:      minmay_spotlight, layout_basic, mainiacjoe_overflow_tiny_flanked,
          mainiacjoe_overflow_alcove_2, serial_shops, shop, nicolae_sextant
D:6:      layout_loops_corners, amcnicky_mini_corridor_feature, uniq_edmund
D:7:      layout_cave_pools, grunt_temple_overflow_cloverleaf,
          dk_xom_monty_hall, mainiacjoe_overflow_paths,
          minmay_temple_entry_hall, enter_bailey_4
Bailey:   bailey_polearm_5, bailey

Skill      XL: |  1  2  3  4  5  6  7  8  9 10 |
---------------+-------------------------------+-----
Fighting       | 4 5 6 14 | 14.9
Armour         | 4 5 6 7 |  7.2
Shields        | 4 5 6 7 |  7.2
Maces & Flails | 3 5 6 |  6.2

Action                     |  1- 3 |  4- 6 |  7- 9 | 10-12 || total
---------------------------+-------+-------+-------+-------++-------
  Melee: Flail             |    88 |   134 |   219 |   140 ||   581
    Use: Scroll            |       |     2 |    15 |     4 ||    21
         Potion            |       |       |     1 |     4 ||     5
 Armour: Scale mail        |    63 |   103 |   197 |    21 ||   384
         Chain mail        |       |       |       |   191 ||   191
  Dodge: Dodged            |    52 |    65 |   104 |   107 ||   328
  Block: Buckler           |    15 |    39 |    61 |    64 ||   179

Table legend: (Time is in decaauts)
 A = Elapsed time spent in this place.
 B = Non-inter-level travel time spent in this place.
 C = Inter-level travel time spent in this place.
 D = Time resting spent in this place.
 E = Time spent auto-exploring this place.
 F = Levels seen in this place.
 G = Mean time per level.
                   A        B        C        D        E       F      G
               +--------+--------+--------+--------+--------+-----+--------+
         Total |   6389 |   6176 |    213 |    989 |   3657 |   9 |  709.9 |
       Dungeon |   5617 |   5404 |    213 |    612 |   3613 |   7 |  802.4 |
       Ossuary |    306 |    306 |      0 |    127 |     40 |   1 |  306.0 |
        Bailey |    466 |    466 |      0 |    250 |      4 |   1 |  466.0 |
               +--------+--------+--------+--------+--------+-----+--------+

Top non-repeatable levels by time:
     D:5: 1253 daAuts
     D:4: 1086 daAuts
     D:6: 1076 daAuts
     D:2: 802 daAuts
     D:3: 727 daAuts
     D:1: 604 daAuts
  Bailey: 466 daAuts
 Ossuary: 306 daAuts
     D:7: 66 daAuts
